Cogmind - Beta 13 @@@ ROGUE MODE // 2024.04.15 @ 12:37:21 Player: m1m1c Result: Destroyed by C-35 Carver with Carbide Saw Performance ------------- Evolutions (6) 3000 Regions Visited (14) 2800 Robots Destroyed (11) 55 Value Destroyed (442) 442 Prototype IDs (14) 280 Alien Tech Used (0) 0 Bonus (1182) 1182 TOTAL SCORE: 7759 Bonus ------- Pacifist 200 Follower Combat Kills 182 Entered DSFs 500 Met Data Miner 300 Cogmind --------- Core Integrity 0/1150 Matter 18/300 Energy 100/100 System Corruption 2% Temperature Cool (0) Movement Core (50) Location -4/Factory Parts ------- > --- POWER (2) -------- (None) > --- PROPULSION (7) --- (None) > --- UTILITY (8) ------ (None) > --- WEAPON (2) ------- (None) > --- INVENTORY (5) ---- Enhanced Gauss Cannon Improved Proton Missile Launcher Peak State ------------ > --- POWER ------------ Antimatter Reactor > --- PROPULSION ------- Xenon Bombardment Thruster Xenon Bombardment Thruster Xenon Bombardment Thruster Xenon Bombardment Thruster Xenon Bombardment Thruster Xenon Bombardment Thruster > --- UTILITY ---------- Improved Cryofiber Web Weight Redist. System ECM Suite Experimental Utility Shielding Hardened Light Armor Plating Advanced Hacking Suite > --- WEAPON ----------- Ion Burst Cannon Bore Cannon > --- INVENTORY -------- Light Fission Core Antimatter Reactor Improved Flight Unit Improved Cryofiber Web Advanced ECM Suite [Rating: 66] Favorites ----------- Power Light Nuclear Core Engine Light Ion Engine Power Core Light Nuclear Core Reactor Antimatter Reactor Propulsion Xenon Bombardment Thruster Leg Aluminum Leg Hover Unit Hover Unit Flight Unit Xenon Bombardment Thruster Utility ECM Suite Device ECM Suite Storage Small Storage Unit Processor Improved Targeting Computer Hackware Advanced Hacking Suite Protection Experimental Utility Shielding Weapon Rocket Launcher Energy Gun EM Pulse Gun Energy Cannon Ion Burst Cannon Ballistic Gun Light Assault Rifle Ballistic Cannon Bore Cannon Launcher Rocket Launcher Special Weapon Welding Torch Build | -11 -10 -10 -9 -8 -7 -7 -7 -7 -6 -6 -6 -5 -5 -4 ------- Run | Yrd Mat Min Mat Mat Fac Was Fac DSF Fac Low Dat Pro Fac Fac Slots Evolved 12 | . . . 2 2 2 . . . 2 . . . 2 2 Power 1 | . . . . . . . . . . . . . 1 . Propulsion 5 | . . . 2 1 . . . . 1 . . . . 1 Utility 6 | . . . . 1 2 . . . 1 . . . 1 1 Weapon . | . . . . . . . . . . . . . . . Parts Attached 123 | 7 2 9 23 1 5 7 . 8 25 10 . 5 3 18 Power 24 | 1 . 2 2 . 1 2 . 1 5 4 . . . 6 Engine 3 | 1 . 2 . . . . . . . . . . . . Core 11 | . . . 2 . 1 1 . . 3 2 . . . 2 Reactor 10 | . . . . . . 1 . 1 2 2 . . . 4 Propulsion 48 | 2 2 1 11 1 3 . . 5 11 3 . 4 2 3 Treads . | . . . . . . . . . . . . . . . Leg 2 | 2 . . . . . . . . . . . . . . Wheel . | . . . . . . . . . . . . . . . Hover 8 | . . . 5 . . . . . . . . . . 3 Flight 38 | . 2 1 6 1 3 . . 5 11 3 . 4 2 . Utility 25 | 1 . 1 2 . . 4 . 1 7 1 . . 1 7 Device 17 | . . 1 1 . . 2 . . 5 1 . . 1 6 Storage 1 | 1 . . . . . . . . . . . . . . Processor 1 | . . . . . . . . . . . . . . 1 Hackware 1 | . . . . . . 1 . . . . . . . . Protection 5 | . . . 1 . . 1 . 1 2 . . . . . Artifact . | . . . . . . . . . . . . . . . Weapon 26 | 3 . 5 8 . 1 1 . 1 2 2 . 1 . 2 Energy Gun 4 | 1 . 2 . . . . . . . 1 . . . . Energy Cannon 9 | . . . 6 . . . . . 1 1 . . . 1 Ballistic Gun 4 | 2 . 2 . . . . . . . . . . . . Ballistic Cannon 3 | . . . . . . . . 1 1 . . 1 . . Launcher 5 | . . . 2 . 1 1 . . . . . . . 1 Special Weapon 1 | . . 1 . . . . . . . . . . . . Impact Weapon . | . . . . . . . . . . . . . . . Slashing Weapon . | . . . . . . . . . . . . . . . Piercing Weapon . | . . . . . . . . . . . . . . . Special Melee Weapon . | . . . . . . . . . . . . . . . Unidentified Prototypes 4 | . . . 1 . . . . . 3 . . . . . Parts Lost 42 | . . 4 2 2 7 . . 2 3 2 . 6 1 13 Power 9 | . . 1 1 . 2 . . . 1 1 . . 1 2 Propulsion 18 | . . 1 1 2 3 . . . 1 1 . 5 . 4 Utility 11 | . . . . . 1 . . 1 1 . . 1 . 7 Weapon 4 | . . 2 . . 1 . . 1 . . . . . . Highest Loss Streak 7 | . . 3 2 2 7 . . 2 2 1 . 6 1 7 To Critical Strikes 2 | . . . . . 1 . . . . . . 1 . . Average Slot Usage (%) 63 | . 75 74 73 58 44 56 76 84 89 87 80 65 50 40 Core 3 | . . . 10 9 6 4 7 4 . 4 6 6 . . Reactor 1 | . . . . . . . . 2 5 1 . . . 3 Hover 3 | . . . 22 . . . . . . . . . . . Flight 22 | . 11 26 15 31 22 23 23 31 40 40 33 23 16 7 Device 15 | . . 3 4 9 7 16 23 15 19 26 26 26 27 20 Storage 3 | . 14 14 11 9 6 . . . . . . . . . Hackware 1 | . . . . . . 3 7 7 6 6 6 1 . . Protection 4 | . . . 1 . . 4 7 15 11 6 6 6 5 3 Ballistic Gun 1 | . 21 16 . . . . . . . . . . . . Launcher 1 | . . . 6 . . 4 7 6 . . . . . . Naked Turns 50 | . . . . . . . . . . . . . . 50 Heaviest Build 35 | 11 10 13 29 11 15 16 16 29 35 31 14 14 14 21 Greatest Support 36 | 20 20 8 19 19 15 21 21 36 36 27 18 27 24 21 Greatest Overweight (x) 4 | 1 3 1 4 . 1 . . . 1 1 . . 1 1 Average Overweight (x) . | . . . . . . . . . . . . . . . Largest Inventory Capacity 8 | 8 8 8 8 8 8 5 5 5 5 5 5 5 5 5 Average Capacity 6 | 6 8 8 8 8 7 5 5 5 5 5 5 5 5 5 Most Carried 8 | 2 8 8 8 8 8 5 4 5 5 5 4 5 3 5 Average Carried 4 | 1 3 6 6 7 7 3 4 3 4 4 4 3 3 4 Final Capacity 8 | 8 8 8 8 8 5 5 5 5 5 5 5 5 5 5 Final Carried 8 | 2 8 7 8 8 3 4 4 5 5 4 4 3 3 2 Class Distribution -------------------- 71% | Mutant 15% | Sprinter 5% | Scavenger-Sprinter 3% | Scavenger-Mutant 3% | Infiltrator-Mutant Dominant Class ---------------- Mutant | -10/Materials Mutant | -10/Mines Mutant | -9/Materials Sprinter | -8/Materials Mutant | -7/Factory Infiltrator-Mutant | -7/Waste Infiltrator-Mutant | -7/Factory Sprinter | -7/DSF Sprinter | -6/Factory Scavenger-Sprinter | -6/Lower Caves Scavenger-Sprinter | -6/Data Miner Mutant | -5/Proximity Caves Mutant | -5/Factory Mutant | -4/Factory Resources | -11 -10 -10 -9 -8 -7 -7 -7 -7 -6 -6 -6 -5 -5 -4 ----------- Run | Yrd Mat Min Mat Mat Fac Was Fac DSF Fac Low Dat Pro Fac Fac Matter Collected 1166 | 270 . 84 138 . . 370 . 5 155 21 . 44 . 79 Remotely . | . . . . . . . . . . . . . . . Salvage Created 346 | . . 40 254 . . . . . 31 21 . . . . Parts 20 | . . . 12 . . . . . 8 . . . . . Haulers Intercepted . | . . . . . . . . . . . . . . . Recyclers Shooed 1 | . . . 1 . . . . . . . . . . . Parts Field Recycled . | . . . . . . . . . . . . . . . Retrieved Matter . | . . . . . . . . . . . . . . . Parts Self-Destructed 10 | . . . . . . . . . . . . 10 . . Prevented . | . . . . . . . . . . . . . . . Kills | -11 -10 -10 -9 -8 -7 -7 -7 -7 -6 -6 -6 -5 -5 -4 ------- Run | Yrd Mat Min Mat Mat Fac Was Fac DSF Fac Low Dat Pro Fac Fac Combat Hostiles Destroyed 13 | . . 2 8 . . . . . 2 1 . . . . Guns 2 | . . 2 . . . . . . . . . . . . Cannons 5 | . . . 2 . . . . . 2 1 . . . . AOE 6 | . . . 6 . . . . . . . . . . . Classes Destroyed 5 | . . 1 2 . . . . . 1 1 . . . . Cutter 2 | . . . . . . . . . 2 . . . . . Grunt 5 | . . . 5 . . . . . . . . . . . Sentry 3 | . . . 3 . . . . . . . . . . . Programmer 1 | . . . . . . . . . . 1 . . . . Assembled 2 | . . 2 . . . . . . . . . . . . Best Kill Streak 4 | . . 2 4 . . . . . 2 1 . . . . Combat Bots Only 4 | . . 2 4 . . . . . 2 1 . . . . Max Kills in Single Turn 2 | . . 1 2 . . . . . 1 1 . . . . Gunslinging . | . . . . . . . . . . . . . . . Exploded 2 | . . . 2 . . . . . . . . . . . Melee . | . . . . . . . . . . . . . . . Uniques/NPCs Destroyed . | . . . . . . . . . . . . . . . Combat | -11 -10 -10 -9 -8 -7 -7 -7 -7 -6 -6 -6 -5 -5 -4 -------- Run | Yrd Mat Min Mat Mat Fac Was Fac DSF Fac Low Dat Pro Fac Fac Hostile Shots Fired 491 | . . 44 49 13 137 . . 37 21 20 . 53 . 117 Missed 224 | . . 14 21 6 70 . . 12 11 7 . 31 . 52 Damage Taken 5050 | . . 347 415 110 949 . . 393 331 204 . 416 161 1724 Core 2247 | . . 75 88 51 457 . . 69 90 28 . 93 143 1153 Absorbed by Shields 99 | . . . . . . . . 99 . . . . . . Redirected to Shielding 234 | . . . . . . . . 75 . 24 . 87 . 48 Core Remaining (%) 74 | 100 . 70 78 90 . . . 24 . . . 75 85 . Volleys Fired 39 | . . 12 15 . . . . . 4 7 . 1 . . Largest 2 | . . 2 2 . . . . . 1 1 . 1 . . Hottest 120 | . . 80 120 . . . . . 100 100 . 57 . . Shots Fired 61 | . . 20 30 . . . . . 4 6 . 1 . . Gun 19 | . . 19 . . . . . . . . . . . . Cannon 23 | . . . 12 . . . . . 4 6 . 1 . . Launcher 18 | . . . 18 . . . . . . . . . . . Special 1 | . . 1 . . . . . . . . . . . . Kinetic 7 | . . 6 . . . . . . . . . 1 . . Thermal 23 | . . 1 12 . . . . . 4 6 . . . . Explosive 18 | . . . 18 . . . . . . . . . . . Electromagnetic 13 | . . 13 . . . . . . . . . . . . Robot Hit Streak 8 | . . 4 8 . . . . . 1 3 . 2 . . Robot Miss Streak 5 | . . 4 3 . . . . . 5 2 . . . . Penetration Max . | . . . . . . . . . . . . . . . Secondary Targets . | . . . . . . . . . . . . . . . Shots Hit Robots 36 | . . 10 16 . . . . . 3 6 . 1 . . Core Hits 26 | . . 6 17 . . . . . 2 1 . . . . Critical Kills . | . . . . . . . . . . . . . . . Critical Parts Destroyed . | . . . . . . . . . . . . . . . Critical Strikes . | . . . . . . . . . . . . . . . Melee Attacks . | . . . . . . . . . . . . . . . Impact . | . . . . . . . . . . . . . . . Slashing . | . . . . . . . . . . . . . . . Piercing . | . . . . . . . . . . . . . . . Sneak Attacks . | . . . . . . . . . . . . . . . Combat Hostiles . | . . . . . . . . . . . . . . . Follow-up Attacks . | . . . . . . . . . . . . . . . Damage Inflicted 1116 | . . 123 621 . 4 . . . 63 267 . 29 . 9 Guns 120 | . . 120 . . . . . . . . . . . . Cannons 519 | . . . 160 . . . . . 63 267 . 29 . . Explosions 461 | . . . 461 . . . . . . . . . . . Melee . | . . . . . . . . . . . . . . . Ramming 13 | . . . . . 4 . . . . . . . . 9 Kinetic 72 | . . 43 . . . . . . . . . 29 . . Thermal 493 | . . 3 160 . . . . . 63 267 . . . . Explosive 461 | . . . 461 . . . . . . . . . . . Electromagnetic 77 | . . 77 . . . . . . . . . . . . Impact . | . . . . . . . . . . . . . . . Slashing . | . . . . . . . . . . . . . . . Piercing . | . . . . . . . . . . . . . . . Highest Corruption 4 | . . . . . 4 4 4 4 . 4 4 4 . 2 Average Corruption 3 | . . . . . 1 4 4 4 . 3 4 4 . 2 Corruption Purged . | . . . . . . . . . . . . . . . Corruption Blocked . | . . . . . . . . . . . . . . . Effects 20 | . . . . . . 4 . 6 . 3 . 7 . . Message Errors 5 | . . . . . . . . 2 . 1 . 2 . . Matter Fused 4 | . . . . . . . . 3 . . . 1 . . Heat Flow Errors 1 | . . . . . . . . . . 1 . . . . Energy Discharges 4 | . . . . . . 3 . . . . . 1 . . Parts Rejected 1 | . . . . . . . . . . . . 1 . . Parts Fused 1 | . . . . . . . . . . . . 1 . . Data Loss (minor) 1 | . . . . . . . . . . . . 1 . . Data Loss (major) 2 | . . . . . . 1 . 1 . . . . . . Weapon Failures 1 | . . . . . . . . . . 1 . . . . Overload Shots . | . . . . . . . . . . . . . . . Overflow Damage 51 | . . . . . . . . . . 51 . . . . Projectiles 51 | . . . . . . . . . . 51 . . . . Explosions . | . . . . . . . . . . . . . . . Melee . | . . . . . . . . . . . . . . . Knockbacks . | . . . . . . . . . . . . . . . Impact . | . . . . . . . . . . . . . . . Kinetic . | . . . . . . . . . . . . . . . Secondary . | . . . . . . . . . . . . . . . Self-Inflicted Damage 44 | . . . 38 . 2 . . . . . . . . 4 Shots 2 | . . . 2 . . . . . . . . . . . Rammed 6 | . . . 2 . 2 . . . . . . . . 2 Targets Rammed 6 | . . . 2 . 2 . . . . . . . . 2 Kicked . | . . . . . . . . . . . . . . . Crushed . | . . . . . . . . . . . . . . . Highest Temperature 422 | . . 267 261 . . . . . 422 121 . . . 42 Average Temperature 101 | . . 118 71 . . . . . 123 61 . . . 27 Received Heat Transfer 906 | . . 210 183 27 18 . . . 54 . . 36 . 378 Siege Activations . | . . . . . . . . . . . . . . . Robots Corrupted . | . . . . . . . . . . . . . . . Combat Hostiles . | . . . . . . . . . . . . . . . Parts Fried . | . . . . . . . . . . . . . . . Impact Corruptions . | . . . . . . . . . . . . . . . Robots Melted . | . . . . . . . . . . . . . . . Combat Hostiles . | . . . . . . . . . . . . . . . Parts Melted . | . . . . . . . . . . . . . . . Heat Transferred 609 | . . 25 259 . . . . . 75 250 . . . . Parts Sabotaged . | . . . . . . . . . . . . . . . Parts Stolen . | . . . . . . . . . . . . . . . Parts Stripped . | . . . . . . . . . . . . . . . Power Chain Reactions . | . . . . . . . . . . . . . . . Alert | -11 -10 -10 -9 -8 -7 -7 -7 -7 -6 -6 -6 -5 -5 -4 ------- Run | Yrd Mat Min Mat Mat Fac Was Fac DSF Fac Low Dat Pro Fac Fac Peak Influence 427 | . . 20 427 93 197 68 47 55 138 . . . 289 223 Initial 225 | . . . . 87 42 68 47 35 23 . . . 225 141 Average 99 | . . 3 162 43 107 68 47 43 42 . . . 225 120 Maximum Alert Level 2 | . . . 2 . . . . . . . . . 1 1 Low Security (%) 77 | 100 100 100 56 100 100 100 100 100 100 . . . . 64 Level 1 21 | . . . 35 . . . . . . . . . 100 35 Level 2 1 | . . . 8 . . . . . . . . . . . Level 3 . | . . . . . . . . . . . . . . . Level 4 . | . . . . . . . . . . . . . . . Level 5 . | . . . . . . . . . . . . . . . High Security . | . . . . . . . . . . . . . . . Max Security . | . . . . . . . . . . . . . . . Squads Dispatched 9 | . . . 3 . 2 . . 1 1 . . . 1 1 Investigation 2 | . . . 1 . . . . . . . . . 1 . Extermination 1 | . . . . . 1 . . . . . . . . . Reinforcement 6 | . . . 2 . 1 . . 1 1 . . . . 1 Assault . | . . . . . . . . . . . . . . . Garrison . | . . . . . . . . . . . . . . . Intercept . | . . . . . . . . . . . . . . . Searches Triggered . | . . . . . . . . . . . . . . . Data Miner Redirects 1 | . . . . . . . . . . . . . 1 . Construction Impeded 1 | . . . 1 . . . . . . . . . . . Haulers Reinforced . | . . . . . . . . . . . . . . . Active Scanning Responses . | . . . . . . . . . . . . . . . Cargo Convoy Interrupts . | . . . . . . . . . . . . . . . Stealth | -11 -10 -10 -9 -8 -7 -7 -7 -7 -6 -6 -6 -5 -5 -4 --------- Run | Yrd Mat Min Mat Mat Fac Was Fac DSF Fac Low Dat Pro Fac Fac Distress Signals 2 | . . . 1 . 1 . . . . . . . . . Communications Jammed . | . . . . . . . . . . . . . . . Distress Signals . | . . . . . . . . . . . . . . . Times Spotted 123 | . . 26 18 7 17 . . 8 7 4 . 18 1 17 Peak Tracking Total 17 | . . 17 6 5 7 . . 7 5 2 . 9 1 8 Tactical Retreats 25 | . . 4 3 2 5 . . 2 2 . . 4 . 3 Traps | -11 -10 -10 -9 -8 -7 -7 -7 -7 -6 -6 -6 -5 -5 -4 ------- Run | Yrd Mat Min Mat Mat Fac Was Fac DSF Fac Low Dat Pro Fac Fac Traps Triggered 9 | . . . . . 1 . . 6 . . . . 2 . Indirectly . | . . . . . . . . . . . . . . . Trap Hack Attempts . | . . . . . . . . . . . . . . . Triggered . | . . . . . . . . . . . . . . . Disarmed . | . . . . . . . . . . . . . . . Reprogrammed . | . . . . . . . . . . . . . . . Reused . | . . . . . . . . . . . . . . . Traps Extracted . | . . . . . . . . . . . . . . . Installed . | . . . . . . . . . . . . . . . Triggered . | . . . . . . . . . . . . . . . Machines | -11 -10 -10 -9 -8 -7 -7 -7 -7 -6 -6 -6 -5 -5 -4 ---------- Run | Yrd Mat Min Mat Mat Fac Was Fac DSF Fac Low Dat Pro Fac Fac Machines Disabled 3 | . . . 2 . . . . . . . . . 1 . Max in Single Turn 1 | . . . 1 . . . . . . . . . . . Garrison Access 1 | . . . . . . . . . . . . . . 1 Machines Repaired . | . . . . . . . . . . . . . . . Machines Dismantled . | . . . . . . . . . . . . . . . Machines Sabotaged . | . . . . . . . . . . . . . . . Overloaded Fab Kills . | . . . . . . . . . . . . . . . Hacking | -11 -10 -10 -9 -8 -7 -7 -7 -7 -6 -6 -6 -5 -5 -4 --------- Run | Yrd Mat Min Mat Mat Fac Was Fac DSF Fac Low Dat Pro Fac Fac Machines Accessed 20 | . 1 . 3 3 1 . 1 . . 1 4 . 1 5 Terminals 11 | . 1 . 2 3 1 . 1 . . . . . . 3 Fabricators 1 | . . . . . . . . . . . . . 1 . Repair Stations 1 | . . . . . . . . . . . . . . 1 Recycling Units . | . . . . . . . . . . . . . . . Scanalyzers 1 | . . . 1 . . . . . . . . . . . Garrison Access 1 | . . . . . . . . . . . . . . 1 Total Hacks 66 | . 2 . 9 8 2 . 1 . . 1 31 . 4 8 Successful 47 | . 1 . 4 2 1 . 1 . . 1 31 . 2 4 Failed 19 | . 1 . 5 6 1 . . . . . . . 2 4 Catastrophic 5 | . . . 1 2 1 . . . . . . . . 1 Database Lockouts . | . . . . . . . . . . . . . . . Manual 9 | . . . 3 4 1 . . . . . . . . 1 Terminals 26 | . 2 . 7 8 2 . 1 . . . . . . 6 Fabricators 4 | . . . . . . . . . . . . . 4 . Repair Stations 1 | . . . . . . . . . . . . . . 1 Recycling Units . | . . . . . . . . . . . . . . . Scanalyzers 2 | . . . 2 . . . . . . . . . . . Garrison Access 1 | . . . . . . . . . . . . . . 1 Terminal Hacks 42 | . 1 . 2 2 1 . 1 . . 1 31 . . 3 Record 11 | . . . . . . . . . . . 11 . . . Part Schematic 10 | . . . . . . . . . . . 10 . . . Robot Schematic 7 | . . . . . . . . . . . 7 . . . Prototype ID Bank 3 | . . . . . . . . . . . 3 . . . Open Door 1 | . . . . . . . . . . 1 . . . . Open DSF 2 | . . . . . . . 1 . . . . . . 1 Unreport Threat 3 | . . . 1 1 . . . . . . . . . 1 Recall Investigation 1 | . . . . 1 . . . . . . . . . . Recall Reinforcements 1 | . . . 1 . . . . . . . . . . . Hauler Manifests 1 | . 1 . . . . . . . . . . . . . Zone Layout 2 | . . . . . 1 . . . . . . . . 1 Fabricator Hacks 2 | . . . . . . . . . . . . . 2 . Load Schematic 1 | . . . . . . . . . . . . . 1 . Build 1 | . . . . . . . . . . . . . 1 . Repair Station Hacks . | . . . . . . . . . . . . . . . Recycling Unit Hacks . | . . . . . . . . . . . . . . . Scanalyzer 2 | . . . 2 . . . . . . . . . . . Insert Component 1 | . . . 1 . . . . . . . . . . . Analyze 1 | . . . 1 . . . . . . . . . . . Garrison Access Hacks 1 | . . . . . . . . . . . . . . 1 Seal Access 1 | . . . . . . . . . . . . . . 1 Unauthorized Hacks . | . . . . . . . . . . . . . . . Terminals . | . . . . . . . . . . . . . . . Fabricators . | . . . . . . . . . . . . . . . Repair Stations . | . . . . . . . . . . . . . . . Recycling Units . | . . . . . . . . . . . . . . . Scanalyzers . | . . . . . . . . . . . . . . . Garrison Access . | . . . . . . . . . . . . . . . Data Cores Recovered . | . . . . . . . . . . . . . . . Used . | . . . . . . . . . . . . . . . Hacking Detections 11 | . 1 . 2 3 1 . . . . . . . 1 3 Full Trace Events 3 | . . . 1 1 . . . . . . . . 1 . Feedback Events . | . . . . . . . . . . . . . . . Feedback Blocked . | . . . . . . . . . . . . . . . Robot Schematics Acquired 7 | . . . . . . . . . . . 7 . . . Robots Built 2 | . . . . . . . . . . . . . 2 . Authchips . | . . . . . . . . . . . . . . . Time 152 | . . . . . . . . . . . . . 152 . Total Robot Build Rating 10 | . . . . . . . . . . . . . 10 . Part Schematics Acquired 11 | . . . 1 . . . . . . . 10 . . . Parts Built . | . . . . . . . . . . . . . . . Authchips . | . . . . . . . . . . . . . . . Time . | . . . . . . . . . . . . . . . Total Part Build Rating . | . . . . . . . . . . . . . . . Parts Repaired . | . . . . . . . . . . . . . . . Time . | . . . . . . . . . . . . . . . Parts Recycled . | . . . . . . . . . . . . . . . Recycled Matter . | . . . . . . . . . . . . . . . Retrieved Matter . | . . . . . . . . . . . . . . . Retrieved Components . | . . . . . . . . . . . . . . . Parts Scanalyzed 1 | . . . 1 . . . . . . . . . . . Part Schematics Acquired 1 | . . . 1 . . . . . . . . . . . Parts Damaged . | . . . . . . . . . . . . . . . Bothacking | -11 -10 -10 -9 -8 -7 -7 -7 -7 -6 -6 -6 -5 -5 -4 ------------ Run | Yrd Mat Min Mat Mat Fac Was Fac DSF Fac Low Dat Pro Fac Fac Used RIF Installer . | . . . . . . . . . . . . . . . Robots Hacked . | . . . . . . . . . . . . . . . Non-combat . | . . . . . . . . . . . . . . . Combat . | . . . . . . . . . . . . . . . Robot Hacks Applied . | . . . . . . . . . . . . . . . Relay Couplers Released . | . . . . . . . . . . . . . . . Fabnet Peak Effective % . | . . . . . . . . . . . . . . . Robots Rewired . | . . . . . . . . . . . . . . . Allies Hacked . | . . . . . . . . . . . . . . . Hacks Repelled . | . . . . . . . . . . . . . . . Allies | -11 -10 -10 -9 -8 -7 -7 -7 -7 -6 -6 -6 -5 -5 -4 -------- Run | Yrd Mat Min Mat Mat Fac Was Fac DSF Fac Low Dat Pro Fac Fac Total Allies 3 | . . . . . . . . . . . . 1 2 . Largest Group 2 | . . . . . . . . . . . . 1 2 2 Highest-Rated Group 96 | . . . . . . . . . . . . 96 82 82 Highest-Rated Ally 96 | . . . . . . . . . . . . 96 41 41 Total Orders . | . . . . . . . . . . . . . . . Ally Attacks 46 | . . . . . . . . . . . . 23 5 18 Total Damage 1324 | . . . . . . . . . . . . 514 195 615 Kills 10 | . . . . . . . . . . . . 7 1 2 Allies Corrupted . | . . . . . . . . . . . . . . . Allies Melted . | . . . . . . . . . . . . . . . Intel | -11 -10 -10 -9 -8 -7 -7 -7 -7 -6 -6 -6 -5 -5 -4 ------- Run | Yrd Mat Min Mat Mat Fac Was Fac DSF Fac Low Dat Pro Fac Fac Robot Analysis Total . | . . . . . . . . . . . . . . . Derelict Logs Recovered . | . . . . . . . . . . . . . . . Drone Launches 5 | . . . . . . . . . . . . . . 5 Drone Recoveries 3 | . . . . . . . . . . . . . . 3 Exploration | -11 -10 -10 -9 -8 -7 -7 -7 -7 -6 -6 -6 -5 -5 -4 ------------- Run | Yrd Mat Min Mat Mat Fac Was Fac DSF Fac Low Dat Pro Fac Fac Turns Passed 3011 | 68 112 127 417 124 389 116 6 135 346 198 28 217 220 508 Spaces Moved 4966 | 55 138 213 483 312 635 288 18 171 519 516 115 641 135 727 Core 259 | 21 2 . . . . . . . . . . . . 236 Treads . | . . . . . . . . . . . . . . . Legs 81 | 34 47 . . . . . . . . . . . . . Wheels . | . . . . . . . . . . . . . . . Hover 420 | . . . 418 . . . . . . . . . . 2 Flight 4206 | . 89 213 65 312 635 288 18 171 519 516 115 641 135 489 Fastest Speed 20 | 50 37 37 31 31 34 34 34 28 21 20 24 24 34 37 Average Speed 38 | 101 73 38 65 32 36 35 34 31 25 25 24 31 37 42 Slowest Speed 360 | 190 200 117 360 34 107 37 34 34 106 66 24 34 120 117 Overloaded Moves . | . . . . . . . . . . . . . . . Propulsion Burnouts . | . . . . . . . . . . . . . . . Robots Hopped 44 | . 2 5 1 4 19 1 . 2 4 . . . . 6 Cave-ins Triggered . | . . . . . . . . . . . . . . . Exploration Rate (%) 36 | 4 23 35 43 29 9 94 1 94 12 42 70 68 4 14 Regions Visited 14 Branch Regions 4 Pre-discovered Areas 1 | . . . . . . . . . . . 1 . . . Known Exits Taken 1 | . . . . . . . 1 . . . . . . . Unknown Exits Taken 10 | 1 1 1 1 1 . . . . 1 1 1 1 1 . Scrap Searched 3 | . . 1 . . . . . . . . . 2 . . Spaces Dug . | . . . . . . . . . . . . . . . Terrain Destroyed 110 | . . . 110 . . . . . . . . . . . Melee . | . . . . . . . . . . . . . . . Projectile 1 | . . . 1 . . . . . . . . . . . AOE 109 | . . . 109 . . . . . . . . . . . Terrain Rammed . | . . . . . . . . . . . . . . . Walls Destroyed . | . . . . . . . . . . . . . . . Machines Disabled . | . . . . . . . . . . . . . . . Actions | -11 -10 -10 -9 -8 -7 -7 -7 -7 -6 -6 -6 -5 -5 -4 --------- Run | Yrd Mat Min Mat Mat Fac Was Fac DSF Fac Low Dat Pro Fac Fac Total 5953 | 63 147 235 564 329 775 300 17 250 718 569 114 654 302 916 Wait 693 | . . . . 18 150 . . 9 152 30 . 5 165 164 Move 4866 | 54 133 202 480 304 597 285 17 166 510 515 114 640 134 715 Hop 43 | . 2 5 1 3 19 1 . 2 4 . . . . 6 Pick Up 45 | 2 5 1 14 2 1 6 . 4 6 2 . 2 . . Fast Attach 53 | 6 2 4 8 . . 2 . 2 14 1 . 1 3 10 Attach 52 | . . 5 15 1 5 4 . 2 4 5 . 4 . 7 Detach 32 | . 2 4 13 . . . . 1 2 2 . 1 . 7 Swap 18 | 1 . . . . . 1 . 4 7 4 . . . 1 Drop 52 | . 3 2 16 1 1 1 . 6 15 3 . . . 4 Fire 39 | . . 12 15 . . . . . 4 7 . 1 . . Melee . | . . . . . . . . . . . . . . . Ram 6 | . . . 2 . 2 . . . . . . . . 2 Kick . | . . . . . . . . . . . . . . . Crush . | . . . . . . . . . . . . . . . Escape Stasis 54 | . . . . . . . . 54 . . . . . . Rewire . | . . . . . . . . . . . . . . . Trap . | . . . . . . . . . . . . . . . Miscellaneous . | . . . . . . . . . . . . . . . Route ------- -11/Scrapyard -10/Materials -10/Mines -9/Materials -8/Materials -7/Factory -7/Waste -7/Factory -7/DSF -6/Factory -6/Lower Caves -6/Data Miner -5/Proximity Caves -5/Factory -4/Factory History --------- Turn | Location | Event 2 | -11/Scrapyard | Met Revision 17 8 | -11/Scrapyard | Discovered new exit (range 15) 69 | -11/Scrapyard | Entered Materials 159 | -10/Materials | Discovered new exit (range 4) 181 | -10/Materials | Entered Mines 182 | -10/Mines | Assembled infested the area 187 | -10/Mines | Assisted by a Guerilla fighting off Assembled 303 | -10/Mines | Met a Derelict testing a Signal Generator 303 | -10/Mines | Discovered new exit (range 5) 308 | -10/Mines | Entered Materials 308 | -9/Materials | Evolved 2 slots: Propulsion x2 321 | -9/Materials | Lost 3 parts (1n2w) 380 | -9/Materials | Build established: Mutant 710 | -9/Materials | Discovered new exit (range 16) 725 | -9/Materials | Entered another Materials area 725 | -8/Materials | Evolved 2 slots: Propulsion x1, Utility x1 843 | -8/Materials | Discovered new exit (range 12) 849 | -8/Materials | Entered Factory 849 | -7/Factory | Evolved 2 slots: Utility x2 1216 | -7/Factory | Core integrity fell below 50% 1238 | -7/Factory | Sucked down chute 1238 | -7/Factory | Entered Waste 1238 | -7/Waste | The area was eerily silent 1247 | -7/Waste | Lost 7 parts (2p3n1u1w) 1340 | -7/Waste | Discovered new exit (range 12) 1354 | -7/Waste | Entered Factory 1360 | -7/Factory | Identified exit to DSF 1360 | -7/Factory | Entered DSF 1367 | -7/DSF | Discovered new exit (range 15) 1383 | -7/DSF | Additional patrols routed to DSF 1495 | -7/DSF | Entered Factory 1495 | -6/Factory | Evolved 2 slots: Propulsion x1, Utility x1 1730 | -6/Factory | Build established: Sprinter 1840 | -6/Factory | Discovered new exit (range 7) 1841 | -6/Factory | Entered Lower Caves 2037 | -6/Lower Caves | A Derelict revealed a hidden shortcut to meet someone special 2039 | -6/Lower Caves | Entered Data Miner 2039 | -6/Data Miner | Discovered new exit (range 8) 2044 | -6/Data Miner | Met Data Miner 2050 | -6/Data Miner | Learned location of Section 7 (-2) 2050 | -6/Data Miner | Acquired the access code to Warlord's prototype stash 2057 | -6/Data Miner | Received God Mode back door access code from Data Miner 2067 | -6/Data Miner | Entered Proximity Caves 2103 | -5/Proximity Caves | Attracted the attention of an 0b10 checkpoint 2162 | -5/Proximity Caves | Lost 6 parts (5n1u) 2167 | -5/Proximity Caves | Spotter reported a threat 2277 | -5/Proximity Caves | Discovered new exit (range 14) 2284 | -5/Proximity Caves | Entered Factory 2284 | -5/Factory | Evolved 2 slots: Power x1, Utility x1 2325 | -5/Factory | Incoming investigation squad redirected 2406 | -5/Factory | Build established: Mutant 2457 | -5/Factory | Fabricated H-66 Slayer (x2) 2477 | -5/Factory | Discovered new exit (range 15) 2504 | -5/Factory | Entered another Factory area 2504 | -4/Factory | Accompanied by 2 allies 2504 | -4/Factory | Evolved 2 slots: Propulsion x1, Utility x1 2512 | -4/Factory | Identified exit to DSF 2887 | -4/Factory | Lost 4 parts (1p1n2u) 2969 | -4/Factory | Core integrity fell below 50% 2983 | -4/Factory | Core integrity fell below 20% 3005 | -4/Factory | Lost 7 parts (1p1n5u) 3012 | -4/Factory | Destroyed by C-35 Carver with Carbide Saw Last Messages --------------- Mini Drone retrieved by Mni. Drone Bay. Mic. Fission Core destroyed. Adv. Terrain Scanner destroyed. Mini Drone destroyed. Slammed into G-67 Veteran. Mni. Drone Bay destroyed. Adv. ECM Suite destroyed. Knocked back. Imp. Targeting Computer severed. Adv. Weight Redist. System severed. Penetrated by Slug. Knocked back. Gyrokinetic Inverter destroyed. Critical hit (Blast). Penetrated by Slug. Knocked back. ALERT: Cargo convoy en route, clear transfer corridor. Slammed into T-07 Excavator. Destabilizing: System corrupted (+2). Map ----- +----------------------------------------------------+ | ?????????????????????????????????????????????????? | | ?????????????????????????????????????????????????? | | ?????????????????????????????????????????????????? | | ?????????????????????????????????????????????????? | | ?????????????????????????????????????????????????? | | ?????????????????????????????????????????????????? | | ?????????????????????????????????????????????????? | | ?????????????????????????????????????????????????? | | ?????????????????????????????????????????????????? | | ?????????????????????????????????????????????????? | | ????????????????????????????????????????? ???? | | ????????????????????????????????????????# #??? | | ????????????????????????????????????????# #??? | | ????????????????????????????????????????# #??? | | ????????????????????????????????????????# #??? | | ????????????????????????????????????????# #??? | | ????????????????????????????????????????# #??? | | ????????????????????????????????????????# #??? | | ????????????????????????????????????????# #??? | | ????????????#############???????????????# #??? | | ???????????? ???????????????# #??? | | ??????????? #########+###### #### | | ??????????? | | ?????????? | | ?????????? t | | ?????????? @c c | | ?????????? | | ?????????? | | ??????????? | | ??????????? ### ########### | | ????????????#### #?# # # | | ???????????????# ## # """" # | | ???????????????# ##T # """" # | | ???????????????# ### % %# """" # | | ???????????????# ??# %+ """" # | | ???????????????# ???# # """" # | | ???????????????# ???# # """" # | | ???????????????? ????#### # # | | ???????????????? ????????# # = # | | ???????########## #????????# # # | | ???????# ## #????????# # # | | ???????#"""" ## #????????# #+####### | | ???????#"""" ## #?######## # #?????##+ | | ???????#"""" ] ## ### ## #??????? | | ???????#"""" + / """ ## ######## | | ???????#"""" ####### """ + | | ???????#""""!] #?????# """ ##+########## | | ???????#"""" #?????# # #?# | | ???????# ####### """ # #?# ^ " | | ???????#"""" + # """ # !#?# " | +----------------------------------------------------+ Best States ------------- Heat Dissipation 43 Energy Generation 21 Energy Capacity 325 Matter Stores 300 Matter Capacity 300 Sight Range 16 Robot Scan Range 16 Terrain Scan Range 20 Terrain Scan Density 10 ECM Strength 1 Additional Mass Support 9 Base Temperature (-) 150 Armor Coverage 225 Resistance: TH 20 Propulsion Shielding 66 Utility Shielding 90 Phase Shifting 10 Evasion (%) 72 Targeting Accuracy 6 Offensive Hacking 14 Item Schematics ----------------- Flight Unit | -9/Materials | Scanalyzed Combat Drone Bay | -6/Data Miner | Free Lgt. Regenerative Plating | -6/Data Miner | Free Exp. Cesium-ion Thruster | -6/Data Miner | Free Exp. Heat Sink | -6/Data Miner | Free Neutron Cannon | -6/Data Miner | Free Adv. Medium Treads | -6/Data Miner | Free Adv. Reaction Control System | -6/Data Miner | Free Dispersion Rifle | -6/Data Miner | Free Field Propulsion Array | -6/Data Miner | Free Biometal Medium Treads | -6/Data Miner | Free Robot Schematics ------------------ P-70 Sage | -6/Data Miner | Free G-50 Soldier | -6/Data Miner | Free Y-64 Sentinel | -6/Data Miner | Free B-48 Gladiator | -6/Data Miner | Free H-66 Slayer | -6/Data Miner | Free B-60 Warrior | -6/Data Miner | Free A-27 Freighter | -6/Data Miner | Free Fabricated ------------ H-66 Slayer | x2 | -5/Factory Alien Tech Used ----------------- None Achievements -------------- My Command Is Your Wish The Oracle Challenges ------------ None Game ------ Seed FlyingMakeshiftAirjet Manual? 0 Play Time 01:07:18 Cumulative 21.0 hours Start 2024.04.15 @ 11:30:14 End 2024.04.15 @ 12:37:21 Sessions 1 Manual Loads 0 Difficulty Rogue Special Mode None Game No. 67 Rogue 67 Adventurer 0 Explorer 0 Win Type - Total 0 Types 0/0/0/0/0/0/0/0/0 Lore% 16 Gallery% 27 Achievement% 23 Wizard Run 0 Options --------- Layout 1 ASCII 1 Keyboard 0 Movement Arrows Keybinds 0 Fullscreen 1 Font 18/SmallcapsGlow Map View 50x40 Zoom Use 0% Tactical HUD 0 Map Filters NONE Filters NONE Steam 1 RUN: 556956ff-ef6e-459d-ace4-9b2826ee01ba